 Dungeon Crawl Stone Soup version 0.29.1-12-g30fa7ad0bf (webtiles) character file.

Game seed: 8197722286863741715

30 mopl the Chopper (level 3, 0/27 HPs)
             Began as a Formicid Warper on Jan 6, 2023.
             Slain by a gnoll
             ... wielding a +0 club
              (7 damage)
             ... on level 1 of the Dungeon.
             The game lasted 00:01:25 (1162 turns).

mopl the Chopper (Formicid Warper)                  Turns: 1162, Time: 00:01:26

Health: 0/27       AC:  5    Str: 21    XL:     3   Next: 37%
Magic:  6/6        EV: 12    Int: 12    God:
Gold:   97         SH:  0    Dex: 19    Spells: 6/6 levels left

rFire   . . .      SeeInvis +   a - +0 hand axe
rCold   . . .      Faith    .   (no shield)
rNeg    . . .      Spirit   .   f - +2 leather armour of Vehumet's Supremacy {Fly rCorr Str+4}
rPois   .          Reflect  .   (helmet unavailable)
rElec   .          Harm     .   (no cloak)
rCorr   +          Rampage  .   (no gloves)
Will    .....                   (no boots)
Stlth   +.........              (no amulet)
HPRegen 0.09/turn               b - +6 ring of dexterity
MPRegen 0.10/turn               (no ring)

@: flying
A: permanent stasis, dig shafts and tunnels, antennae 3, four strong arms
a: Dig, Shaft Self


You were on level 1 of the Dungeon.
You visited 1 branch of the dungeon, and saw 2 of its levels.

You collected 97 gold pieces.

Inventory:

Hand Weapons
 a - a +0 hand axe (weapon)
Missiles
 c - 7 boomerangs of dispersal (quivered)
Armour
 f - the +2 leather armour of Vehumet's Supremacy (worn) {Fly rCorr Str+4}
   (You found it on level 2 of the Dungeon)

   Str:       It affects your strength (+4).
   Fly:       It grants you flight.
   rCorr:     It protects you from acid and corrosion.
Jewellery
 b - a +6 ring of dexterity (left hand)
Wands
 i - a wand of polymorph (11)
Scrolls
 d - 3 scrolls of noise {unknown}
 e - 3 scrolls of identify {unknown}
 g - a scroll of poison {unknown}
Potions
 h - a potion of degeneration {unknown}


   Skills:
 - Level 2.1 Fighting
 + Level 3.5 Axes
 - Level 1.0 Throwing
 - Level 1.1 Armour
 - Level 1.7 Dodging
 - Level 2.1 Spellcasting
 - Level 2.6 Translocations


You had 6 spell levels left.
You didn't know any spells.
Your spell library contained the following spells:

 Spells                   Type           Power      Damage    Failure   Level
 Gell's Gravitas          Tloc           7%         N/A       30%         3
 Lesser Beckoning         Tloc           7%         N/A       30%         3
 Teleport Other           Tloc           7%         N/A       30%         3
 Manifold Assault         Tloc           7%         N/A       96%         5
 Blink                    Tloc           Unusable   N/A       N/A         2

Dungeon Overview and Level Annotations

Branches:
Dungeon (2/15)

Altars:
Yredelemnul


Innate Abilities, Weirdness & Mutations

You cannot be hasted, slowed, berserked, paralysed or teleported.
You can dig through walls and to a lower floor.
You have a pair of large antennae on your head. (SInv)
Your four strong arms can wield two-handed weapons with a shield.


Message History

You barely miss the jackal.
The jackal is almost dead.
The jackal bites you. The jackal closely misses you.
You hit the jackal.
You kill the jackal!
No target in view!
No target in view!
No target in view!
No target in view! 2 gnolls come into view.
The gnoll moves out of view.
A gnoll comes into view. It is wielding a +0 flail.
The gnoll shouts! x3
The gnoll closely misses you.
You closely miss the gnoll. The gnoll completely misses you.
You hit the gnoll but do no damage. The gnoll barely misses you.
You hit the gnoll.
The gnoll is moderately wounded.
The gnoll hits you with a +0 club!
You hit the gnoll.
The gnoll is heavily wounded.
The gnoll hits you but does no damage.
You barely miss the gnoll.
The gnoll is heavily wounded.
The gnoll hits you with a +0 club.
There are monsters nearby!
The gnoll attacks as you move away! The gnoll closely misses you.
There is an escape hatch in the ceiling here.
The gnoll hits you with a +0 club.
* * * LOW HITPOINT WARNING * * *
A mysterious force pulls you upwards. The hatch slams shut behind you.
You see here a +0 leather armour.
The gnoll attacks as you move away! The gnoll hits you with a +0 club.
* * * LOW HITPOINT WARNING * * *
The gnoll attacks as you move away! The gnoll misses you.
The gnoll attacks as you move away! The gnoll misses you.
A gnoll is nearby!
There's nothing to open nearby.
You closely miss the gnoll. The gnoll hits you with a +0 club!
You die...

.#...####.#.## #.##.# ##.#
###.......#..# #.##.####.##
###......###.# #......##..##
.###.###...#.# #####.......#
.##..#####.#.###########......#
.....................########.#
...####...##.......#....#####.##
.########......###.............#
................@.......####...#
....#######...#g####....# #####
##..# ###...####....# ....#
##....#...##### ....#
##......[...## ....#
#............# .##.#
#............# ..#.#
#............# ....#
##..........##


You could see a gnoll.

Vanquished Creatures
  A gnoll (D:1)
  2 ball pythons
  2 endoplasms (D:1)
  A goblin (D:2)
  4 hobgoblins (D:1)
  2 jackals (D:2)
  2 quokkas (D:2)
  3 frilled lizards
  2 rats
19 creatures vanquished.

Notes
Turn   | Place    | Note
-------+----------+-------------------------------------------
     0 | D:1      | mopl the Formicid Warper began the quest for the Orb.
     0 | D:1      | Reached XP level 1. HP: 16/16 MP: 3/3
   135 | D:1      | Reached XP level 2. HP: 9/22 MP: 5/5
   328 | D:1      | Reached skill level 3 in Axes
   557 | D:1      | You fall into a shaft and drop 1 floor!
   572 | D:2      | Identified the +2 leather armour of Vehumet's Supremacy
                  | {Fly rCorr Str+4}
   748 | D:1      | Found a basalt altar of Yredelemnul.
   901 | D:1      | Reached XP level 3. HP: 27/27 MP: 6/6
  1162 | D:1      | Slain by a gnoll

Illustrated notes

Levels and vault maps discovered:
D:1:      dpeg_arrival_water_altar, layout_rooms, grunt_decor_one_mirror,
          dreamdust_wishing_well, minivault_4, minmay_misc_feat_x,
          nrook_mini_vaults
D:2:      layout_basic, uniq_jessica

Skill      XL: |  1  2 |
---------------+-------+-----
Axes           | 3 |  3.5
Fighting       | |  2.1
Throwing       | |  1.0
Armour         | |  1.1
Dodging        | |  1.7
Spellcasting   | |  2.1
Translocations | |  2.6

Action                   || total
-------------------------++-------
Melee: Hand axe          ||    87
       Punch             ||     1
 Stab: Sleeping          ||     2
Armor: Leather armour    ||    19
Dodge: Dodged            ||    56
